 Dungeon Crawl Stone Soup version 0.23-b1-3-gdda8187c6f (webtiles) character file.

Game seed: 16556231784851482904

5149 Cykl0x the Cleaver (level 10, -14/74 HPs)
             Began as a Formicid Fighter on Feb 1, 2019.
             Was a Priest of Okawaru.
             Demolished by Urug
             ... wielding a +6 great mace
              (32 damage)
             ... on level 10 of the Dungeon.
             The game lasted 00:25:47 (8300 turns).

Cykl0x the Cleaver (Formicid Fighter)               Turns: 8300, Time: 00:25:48

Health: -14/74     AC: 17    Str: 28    XL:     10   Next: 89%
Magic:  13/13      EV: 12    Int:  7    God:    Okawaru [***...]
Gold:   667        SH: 19    Dex: 12    Spells: 9/9 levels left

rFire    . . .     SeeInvis +   a - +1 war axe
rCold    . . .     Gourm    .   j - +5 shield of Muez {Str+3}
rNeg     + . .     Faith    .   n - +0 plate armour
rPois    .         Spirit   .   (helmet unavailable)
rElec    .         Reflect  .   g - +0 cloak
rCorr    +         Harm     .   (no gloves)
MR       +++..                  (no boots)
Stlth    ..........             c - amulet of regeneration
HPRegen  0.62/turn              p - ring of positive energy
MPRegen  0.13/turn              q - ring of resist corrosion

@: heroism, studying Shields
A: permanent stasis, dig shafts and tunnels, four strong arms, antennae 3, agile
1, magic resistance 2, shaggy fur 1
a: Dig, Shaft Self, Heroism, Renounce Religion


You were on level 10 of the Dungeon.
You worshipped Okawaru.
Okawaru was most pleased with you.
You were not hungry.

You visited 2 branches of the dungeon, and saw 11 of its levels.
You also visited: Ossuary.

You collected 667 gold pieces.

Inventory:

Hand Weapons
 a - a +1 war axe (weapon)
Armour
 g - a +0 cloak (worn)
 j - the +5 shield of Muez (worn) {Str+3}
   (You took it off a gnoll sergeant on level 5 of the Dungeon)

   It affects your strength (+3).
 n - a +0 plate armour (worn)
Jewellery
 c - an amulet of regeneration (around neck)
 i - an uncursed ring of magical power
 p - a ring of positive energy (left hand)
 q - a ring of resist corrosion (right hand)
 v - an uncursed amulet of the gourmand
Wands
 t - a wand of disintegration (6)
 u - a wand of random effects (19)
Scrolls
 e - 5 scrolls of remove curse
 k - 5 scrolls of identify
 m - 3 scrolls of immolation
 w - a scroll of fog
 x - a scroll of magic mapping
Potions
 b - a potion of ambrosia
 d - 2 potions of might
 h - a potion of flight
 l - a potion of berserk rage
 r - a potion of lignification
 s - a potion of magic
 z - a potion of resistance {unknown}
Books
 o - a manual of Shields
Comestibles
 f - 16 rations


   Skills:
 + Level 5.4(10.4) Fighting
 * Level 10.7(15.7) Axes
 + Level 5.5(10.5) Armour
 * Level 5.1(10.1) Dodging
 + Level 0.2(5.2) Stealth
 + Level 9.0(14.0) Shields
 * Level 4.1 Invocations
 * Level 3.6 Evocations


You had 9 spell levels left.
You didn't know any spells.
Your spell library contained the following spells:

 Spells                   Type           Power        Failure   Level  Hunger
 Throw Flame              Conj/Fire      #.....       99%         2    ###....
 Fireball                 Conj/Fire      #.........   100%        5    ######.
 Dispersal                Tloc           #.........   100%        6    #######
 Ring of Flames           Chrm/Fire      #.........   100%        7    #######


Dungeon Overview and Level Annotations

Branches:
Dungeon (10/15)            Temple (1/1) D:5            Lair (0/6) D:9
    Orc: D:9-12

Altars:
Ashenzari
Cheibriados
Dithmenos
Elyvilon
Fedhas
Gozag
Hepliaklqana
Kikubaaqudgha
Makhleb
Nemelex Xobeh
Okawaru
Qazlal
Ru
Sif Muna
Trog
Uskayaw
Vehumet
Wu Jian
Xom
Yredelemnul
Zin
The Shining One

Shops:
D:4 %   D:8 :

Annotations:
D:10 Urug


Innate Abilities, Weirdness & Mutations

You cannot be hasted, slowed, berserked, paralysed or teleported.
You can dig through walls and to a lower floor.
Your four strong arms can wield two-handed weapons with a shield.
You have a pair of large antennae on your head. (SInv)
You are agile. (Dex +2)
You are highly resistant to hostile enchantments. (MR++)
You are covered in fur. (AC +1)


Message History

Urug hits you with a +6 great mace!!
You slash Urug!
Urug is heavily wounded.
Urug hits you with a +6 great mace!!
* * * LOW HITPOINT WARNING * * *
You closely miss Urug.
Urug is heavily wounded.
You closely miss Urug.
Urug is heavily wounded.
Urug hits you but does no damage.
You hit Urug.
Urug is heavily wounded.
You see here a javelin.
You see here a javelin.
Okay, then.
Okay, then.
You miss Urug.
Urug is heavily wounded.
Urug hits you with a +6 great mace!!
You die...

. # ###
#######
###.#
#.##..#
.##.#
##..###
.##.#
##.#.##
.#..#
##.>#.(#
....#
##..###(##
....# ##..##
##(###
....####..##
#@..#
......##..#
#o###
.........##
#.#
........##
#.#
........#
.##
#######..#
#. ##..# ..
.... #..
........ {


You could see Urug.

Vanquished Creatures
  An ugly thing (D:8)
  Grinder (D:4)
  A yak (D:8)
  3 hogs (D:8)
  A wraith (D:10)
  A human (D:8)
  A water moccasin (D:6)
  An ice beast (D:6)
  An eye of draining (D:8)
  A phantom (D:4)
  2 sky beasts
  A black bear (D:6)
  6 ogres
  A necrophage (D:5)
  3 centaurs
  A big kobold (D:5)
  3 bullfrogs (D:6)
  3 gnoll sergeants (D:5)
  A water moccasin zombie (D:6)
  3 scorpions
  4 killer bees (D:8)
  The ghost of Tinttamiau the Digger, a weakling FoEE of Cheibriados (D:5)
  2 howler monkeys
  2 jellies
  3 crimson imps
  2 bullfrog zombies
  3 hounds
  A gnoll shaman (D:5)
  An orc priest (D:5)
  3 centaur skeletons
  A bullfrog skeleton (D:6)
  8 orc wizards
  5 worker ants
  6 big kobold zombies (Ossuary)
  3 hound zombies
  A mummy (Ossuary)
  A worker ant zombie (D:5)
  6 gnolls (D:5)
  5 adders
  2 shadow imps (D:6)
  An ooze (D:2)
  An adder skeleton (D:4)
  4 worms
  A dart slug (D:1)
  3 leopard geckos
  31 orcs
  A spectral bat (Ossuary)
  A ball python (D:1)
  3 giant cockroaches
  6 gnoll zombies (Ossuary)
  5 goblins
  5 hobgoblins
  7 jackals
  3 quokkas
  9 bats
  4 bat simulacra (Ossuary)
  8 frilled lizards
  4 goblin simulacra (Ossuary)
  6 goblin zombies (Ossuary)
  5 hobgoblin zombies (Ossuary)
  7 kobolds
  A kobold simulacrum (Ossuary)
  2 kobold zombies (Ossuary)
  5 orc zombies (Ossuary)
  9 rats
  3 rat simulacra (Ossuary)
  4 spectral goblins (Ossuary)
  5 spectral kobolds (Ossuary)
  A spectral rat (Ossuary)
  3 plants (D:5)
244 creatures vanquished.

Vanquished Creatures (others)
  A plant (D:5)
1 creature vanquished.

Grand Total: 245 creatures vanquished

Notes
Turn   | Place    | Note
-------+----------+-------------------------------------------
     0 | D:1      | Cykl0x the Formicid Fighter began the quest for the Orb.
     0 | D:1      | Reached XP level 1. HP: 18/18 MP: 1/1
    78 | D:1      | Reached XP level 2. HP: 23/24 MP: 2/2
   316 | D:1      | Reached XP level 3. HP: 29/29 MP: 3/3
   648 | D:2      | Found a faded altar of an unknown god.
   704 | D:2      | Reached skill level 1 in Dodging
   866 | D:2      | Reached XP level 4. HP: 35/35 MP: 4/4
   913 | D:2      | Reached skill level 3 in Axes
  1185 | D:3      | Reached XP level 5. HP: 19/41 MP: 5/5
  1570 | D:3      | Found a glowing silver altar of Zin.
  1570 | D:3      | Found a burning altar of Makhleb.
  1571 | D:3      | Noticed a green death
  1571 | D:3      | Noticed an angel
  1625 | D:4      | Noticed an ogre
  1633 | D:4      | Killed an ogre
  1633 | D:4      | Reached skill level 4 in Axes
  1633 | D:4      | Reached XP level 6. HP: 16/48 MP: 6/6
  1743 | D:4      | Noticed Grinder
  1767 | D:4      | Killed Grinder
  1767 | D:4      | Reached skill level 5 in Axes
  1767 | D:4      | Reached XP level 7. HP: 9/54 MP: 7/7
  1890 | D:4      | Found a sand-covered staircase.
  1895 | Ossuary  | Entered an ossuary
  2224 | Ossuary  | Reached skill level 5 in Shields
  2245 | Ossuary  | Reached skill level 6 in Axes
  2625 | D:4      | Reached XP level 8. HP: 59/60 MP: 8/8
  2637 | D:4      | Found Bapnock's Food Shop.
  2900 | D:4      | Found a bloodstained altar of Trog.
  2900 | D:4      | Found a shattered altar of Ashenzari.
  2906 | D:4      | Found an ornate altar of the Wu Jian Council.
  2906 | D:4      | Found a shadowy altar of Dithmenos.
  2906 | D:4      | Found a basalt altar of Yredelemnul.
  2906 | D:4      | Found a sacrificial altar of Ru.
  2908 | D:4      | Found a glowing golden altar of the Shining One.
  2911 | D:4      | Found a radiant altar of Vehumet.
  2965 | D:5      | Entered Level 5 of the Dungeon
  2982 | D:5      | Found an ancient bone altar of Kikubaaqudgha.
  3031 | D:5      | Reached skill level 7 in Axes
  3083 | D:5      | Found a transporter.
  3094 | D:5      | Noticed Tinttamiau's ghost (weakling FoEE)
  3112 | D:5      | Identified the +5 shield of Muez {Str+3}
  3176 | D:5      | Found a transporter.
  4057 | D:5      | Reached skill level 8 in Axes
  4057 | D:5      | Reached XP level 9. HP: 66/66 MP: 9/9
  4095 | D:5      | Killed Tinttamiau's ghost
  4222 | D:5      | Found a shimmering altar of Xom.
  4254 | D:5      | Found a staircase to the Ecumenical Temple.
  4281 | Temple   | Entered the Ecumenical Temple
  4286 | Temple   | Became a worshipper of Warmaster Okawaru
  4477 | D:5      | Gained mutation: You are weak. (Str -2) [potion of
                  | mutation]
  4477 | D:5      | Gained mutation: You are robust. (+10% HP) [potion of
                  | mutation]
  4478 | D:5      | Lost mutation: You are weak. (Str -2) [potion of mutation]
  4478 | D:5      | Lost mutation: You are robust. (+10% HP) [potion of
                  | mutation]
  4478 | D:5      | Gained mutation: You are resistant to hostile enchantments.
                  | (MR+) [potion of mutation]
  4478 | D:5      | Gained mutation: You are highly resistant to hostile
                  | enchantments. (MR++) [potion of mutation]
  4478 | D:5      | Gained mutation: You are agile. (Dex +2) [potion of
                  | mutation]
  4478 | D:5      | Gained mutation: You are covered in fur. (AC +1) [potion of
                  | mutation]
  4598 | D:5      | Reached skill level 1 in Invocations
  4602 | D:5      | Reached skill level 5 in Armour
  4893 | D:6      | Reached skill level 1 in Evocations
  5061 | D:6      | Reached * piety under Okawaru
  5107 | D:6      | Reached skill level 9 in Axes
  5247 | D:6      | Reached XP level 10. HP: 59/73 MP: 11/11
  5848 | D:7      | Found a white marble altar of Elyvilon.
  5942 | D:7      | Reached skill level 5 in Fighting
  6504 | D:8      | Identified Sif Muna's Papyrus of Fiery Displacement
  6532 | D:8      | Reached ** piety under Okawaru
  6732 | D:8      | Reached skill level 10 in Axes
  6913 | D:8      | Found Wirgh's Book Shoppe.
  7202 | D:8      | Noticed a green ugly thing
  7225 | D:8      | Killed a green ugly thing
  7225 | D:8      | Reached *** piety under Okawaru
  7517 | D:9      | Found a staircase to the Lair.
  7559 | D:9      | Reached skill level 5 in Dodging
  8083 | D:10     | Entered Level 10 of the Dungeon
  8280 | D:10     | Noticed Urug
  8300 | D:10     | Demolished by Urug

Skill      XL: |  1  2  3  4  5  6  7  8  9 10 |
---------------+-------------------------------+-----
Shields        | 4 5 7 9 |  9.0
Dodging        | 1 2 3 4 5 |  5.1
Axes           | 3 4 5 6 8 9 10 | 10.7
Fighting       | 4 5 |  5.4
Armour         | 4 5 |  5.5
Invocations    | 2 4 |  4.1
Evocations     | 2 3 |  3.6
Stealth        | |  0.2

Action                   |  1- 3 |  4- 6 |  7- 9 | 10-12 || total
-------------------------+-------+-------+-------+-------++-------
Melee: War axe           |    87 |   114 |   531 |   251 ||   983
Invok: Heroism           |       |       |       |     1 ||     1
 Abil: Dig               |       |       |       |     1 ||     1
  Use: Scroll            |     4 |     4 |     4 |     5 ||    17
       Potion            |       |       |    10 |       ||    10
  Eat: Chunk             |       |     3 |     6 |     6 ||    15
       Ration            |       |       |     2 |     1 ||     3
Armor: Scale mail        |    44 |       |       |       ||    44
       Plate armour      |     4 |    78 |   247 |    55 ||   384
       Skin              |       |       |     1 |       ||     1
Dodge: Dodged            |    31 |    31 |   117 |    50 ||   229
Block: Shield            |    70 |    67 |   327 |   195 ||   659
